 Dungeon Crawl Stone Soup version 0.31-a0-728-g01b46875f1 (webtiles) character file.

Game seed: 7347550106847069306

8174 MackTheKnife the Fighter (level 11, -11/80 HPs)
             Began as an Octopode Wanderer on Sept 11, 2023.
             Was an Initiate of Gozag.
             Succumbed to their own poison gas
             ... on level 11 of the Dungeon.
             The game lasted 00:22:02 (13107 turns).

MackTheKnife the Fighter (Octopode Wanderer)       Turns: 13107, Time: 00:22:02

Health: -11/80     AC:  1    Str:  8    XL:     11   Next: 26%
Magic:  23/23      EV: 20    Int: 24    God:    Gozag
Gold:   716        SH:  0    Dex: 19    Spells: 18/26 levels left

rFire   . . .        C - +7 sling "Nuetask" {speed, Int+3}
rCold   . . .        (no shield)
rNeg    . . .        (helmet restricted)
rPois   .            e - amulet of magic regeneration {@e2}
rElec   .            g - +5 ring of evasion
rCorr   .            b - +6 ring of dexterity
SInv    .            (no ring)
Will    +....        (no ring)
Stlth   +++++        (no ring)
HPRegen 0.33/turn    (no ring)
MPRegen 0.58/turn    (no ring)
                     (no ring)

%: no passive effects
@: lethally poisoned (-11 -> -75), gold aura, enlightened, flying
A: almost no armour, amphibious, 8 rings, camouflage 1, gelatinous body 1,
nimble swimmer 1, tentacles
a: Renounce Religion, Potion Petition, Call Merchant, Bribe Branch


You were on level 11 of the Dungeon.
You worshipped Gozag.
Gozag was pleased with you.
You visited 2 branches of the dungeon, and saw 12 of its levels.

You collected 1355 gold pieces.
You spent 576 gold pieces at shops.
You paid 63 gold pieces to Gozag.


Innate Abilities, Weirdness & Mutations

You cannot wear most types of armour.
You are amphibious.
You can wear up to eight rings at the same time.
Your skin changes colour to match your surroundings (Stealth+).
Your rubbery body absorbs attacks. (AC +1, EV +1)
You are camouflaged when in or above water. (Stealth+)
You have tentacles for arms and can constrict up to eight enemies at once.


   Skills:
 - Level 9.0 Fighting
 - Level 1.0 Throwing
 + Level 4.4 Dodging
 - Level 5.0 Stealth
 - Level 8.0 Spellcasting
 - Level 3.0 Conjurations
 - Level 8.0 Air Magic
 - Level 7.0 Poison Magic
 + Level 5.7 Evocations


You had 18 spell levels left.
You knew the following spells:

 Your Spells              Type           Power      Damage    Failure   Level
a - Shock                 Conj/Air       100%       1d9       1%          1
b - Mephitic Cloud        Conj/Pois/Air  38%        N/A       1%          3
c - Olgreb's Toxic Radia  Pois           43%        N/A       3%          4

Your spell library contained the following spells:

 Spells                   Type           Power      Damage    Failure   Level
 Sting                    Tmut/Pois      100%       1d8       1%          1
 Poisonous Vapours        Pois/Air       90%        N/A       1%          2

Inventory:

Hand Weapons
 C - the +7 sling "Nuetask" (weapon) {speed, Int+3}
   (You found it on level 10 of the Dungeon)

   Int+3:     It affects your intelligence (+3).
Magical Staves
 a - a staff of air {!astaff}
   (You found it on level 2 of the Dungeon)
Jewellery
 b - a +6 ring of dexterity (right tentacle)
   (You found it on level 10 of the Dungeon)
 e - an amulet of magic regeneration (around mantle) {@e2}
   (You found it on level 7 of the Dungeon)
 g - a +5 ring of evasion (left tentacle)
   (You bought it in a shop on level 7 of the Dungeon)
 n - an amulet of regeneration {@e2}
   (You found it on level 2 of the Dungeon)
Wands
 p - a wand of paralysis (5)
   (You took it off Pikel on level 8 of the Dungeon)
 y - a wand of light (1)
   (You found it on level 9 of the Dungeon)
 z - a wand of roots (1)
   (You found it on level 10 of the Dungeon)
 A - a wand of polymorph (4)
   (You found it on level 10 of the Dungeon)
Scrolls
 c - a scroll of fog
 d - a scroll of fear {unknown}
 f - a scroll of enchant armour
 h - a scroll of revelation
 i - 2 scrolls of brand weapon
 j - 2 scrolls of teleportation {@r4}
 l - 2 scrolls of blinking {!r}
 q - a scroll of poison {!r}
 r - a scroll of immolation {!r!r}
 v - 2 scrolls of amnesia
Potions
 k - a potion of attraction {unknown}
 m - a potion of heal wounds {unknown}
 o - 2 potions of ambrosia {unknown}
 s - a potion of curing {@q1}
 t - a potion of degeneration {!q@e2}
 u - 2 potions of brilliance
 w - 2 potions of cancellation {unknown}
 x - a potion of enlightenment

Dungeon Overview and Level Annotations

Branches:
Dungeon (11/15) Zot: 26790  Temple (1/1) D:6 Zot: 5983
   Lair: D:8-11         Orc: D:9-12

Altars:
Ashenzari
Cheibriados
Dithmenos
Elyvilon
Fedhas
Gozag
Hepliaklqana
Kikubaaqudgha
Makhleb
Nemelex Xobeh
Okawaru
Qazlal
Ru
Sif Muna
Trog
Uskayaw
Wu Jian
Xom
Yredelemnul
Zin
The Shining One

Shops:
D:7

= ########.. ##
##...##.... .####
#....##....
....######.....##...
☼§§......##...#....
#○☼≈≈≈≈≈.#......... #§○≈
#≈≈........... ##§§#
##≈...)...(...
#§☼@####≈...........
#§§§§##≈≈...........
####☼§○☼§○≈≈..#...#.≈≈≈
#.○○§§☼Y§○§☼..##..#.≈≈#
#.§○##☼§§Y§§§§§##....≈##
..... ##YYY§☼§§§......≈#
.##. #§§§☼§☼§§☼......≈≈
# ...§☼Y§Y#.§☼....
....#.............


You could see 5 death yaks and 2 yaks.


Message History

The yak is poisoned.
The death yak is engulfed in poison gas.
The death yak is poisoned.
You shoot a sling bullet. The death yak bellows!
The sling bullet hits the death yak.
The death yak is engulfed in poison gas.
The death yak is poisoned.
A death yak comes into view.
The death yak is engulfed in poison gas.
The death yak looks even sicker.
The death yak is engulfed in poison gas.
The death yak looks even sicker.
The yak is engulfed in poison gas.
The yak looks even sicker.
You enter the deep water.
You are engulfed in poison gas.
You are poisoned.
You feel very sick.
The death yak looks even sicker.
The death yak attacks as it pursues you!
The death yak misses you.
The death yak is engulfed in poison gas.
The death yak looks even sicker.
The yak is engulfed in poison gas.
The yak looks even sicker.
The death yak is engulfed in poison gas.
The death yak is poisoned. 😕 HP[-5]
You take 5 damage, and now have 75/80 hp.
You are engulfed in poison gas.
You are more poisoned.
You feel extremely sick.
The death yak looks even sicker.
The yak is engulfed in poison gas.
The yak is poisoned.
The yak is engulfed in poison gas.
The yak looks as sick as possible!
The death yak is engulfed in poison gas.
The death yak looks even sicker.
The death yak is engulfed in poison gas.
The death yak looks as sick as possible! 😕 HP[-14]
You take 14 damage, and now have 61/80 hp.
You shoot a sling bullet.
The sling bullet hits the death yak but does no damage.
You are engulfed in poison gas.
You are more poisoned.
You feel extremely sick.
The death yak is engulfed in poison gas.
The death yak looks even sicker. x2; The yak is engulfed in poison gas.
The yak looks as sick as possible!
The yak is engulfed in poison gas.
The yak looks even sicker. 😮 HP[-11]
You take 11 damage, and now have 50/80 hp.
Unknown command.
Unknown command.
You are too injured to fight recklessly!
Unknown command.
Fire: C) +7 sling "Nuetask" {speed, Int+3}
Press: ? - help, Shift-Dir - straight line, f/p - death yak
Aim: a death yak (poison gas, moderately wounded, very poisoned, 83% to hit)
You shoot a sling bullet. The sling bullet hits the death yak.
You are engulfed in poison gas.
You are more poisoned.
* * * LOW HITPOINT WARNING * * *
You feel extremely sick.
The death yak is engulfed in poison gas.
The death yak looks as sick as possible!
The death yak is engulfed in poison gas.
The death yak looks as sick as possible!
The yak is engulfed in poison gas.
The yak looks as sick as possible!
You kill the yak!
The yak is engulfed in poison gas.
The yak looks even sicker. 😨 HP[-16]
You take 16 damage, and now have 34/80 hp.
Okay, then.
Blink to where?
Press: ? - help, Dir - move target, f - you, p - death yak
Okay, then.
Unknown command.
You are engulfed in poison gas.
You are more poisoned.
* * * LOW HITPOINT WARNING * * *
x2 You feel extremely sick.
The death yak is engulfed in poison gas.
The death yak looks as sick as possible!
The death yak is engulfed in poison gas.
The death yak looks as sick as possible!
The death yak is engulfed in poison gas.
The death yak looks as sick as possible!
The yak is engulfed in poison gas.
The yak looks as sick as possible!
The yak is distracted by your dazzling golden aura.
The death yak looks as sick as possible! 😱 HP[-22]
You take 22 damage, and now have 12/80 hp.
MASSIVE DAMAGE!! (PAUSE) Unknown command.
It was a potion of enlightenment.
You feel very buoyant.
You fly up into the air.
You are engulfed in poison gas.
You are more poisoned.
* * * LOW HITPOINT WARNING * * *
You die...
Your body crumbles into a pile of gold.

Skill      XL: |  1  2  3  4  5  6  7  8  9 10 11 |
---------------+----------------------------------+-----
Air Magic      | 2 3 4 5 6 7 8 |  8.0
Conjurations   | 2 3 |  3.0
Poison Magic   | 3 7 |  7.0
Spellcasting   | 6 8 |  8.0
Dodging        | 2 4 |  4.4
Stealth        | 4 5 |  5.0
Fighting       | 8 9 |  9.0
Evocations     | 2 5 |  5.7
Throwing       | |  1.0

Action                     |  1- 3 |  4- 6 |  7- 9 | 10-12 || total
---------------------------+-------+-------+-------+-------++-------
  Melee: Dagger            |    17 |       |       |       ||    17
         Constrict         |    11 |    12 |    18 |    11 ||    52
         Tentacles         |     7 |     6 |    25 |    16 ||    54
         Punch             |     1 |       |     4 |     1 ||     6
         Hand axe          |    16 |    43 |    77 |    53 ||   189
         Unarmed           |       |       |    20 |       ||    20
   Fire: Sling             |       |       |       |    32 ||    32
   Cast: Shock             |    32 |   115 |   234 |   168 ||   549
         Mephitic Cloud    |       |       |    13 |    13 ||    26
         Olgreb's Toxic Ra |       |       |       |     5 ||     5
  Evoke: Wand              |       |       |    26 |    17 ||    43
    Use: Scroll            |       |     1 |     8 |     9 ||    18
         Potion            |       |       |     8 |     1 ||     9
   Stab: Sleeping          |       |     1 |       |       ||     1
         Confused          |       |       |     9 |     2 ||    11
         Paralysed         |       |       |       |     9 ||     9
 Armour: Skin              |    13 |    40 |   147 |    60 ||   260
  Dodge: Dodged            |    22 |    45 |    96 |   128 ||   291

Levels and vault maps discovered:
D:1:      noname_arrival_rooms_in_the_neighbourhood, layout_basic
D:2:      layout_basic, minivault_5
D:3:      layout_basic, trog_wizard, mainiacjoe_overflow_boulevard,
          dancing_weapons_uskayaw, fedhas_ov_isle_minmay, nicolae_grassy_gnolls
D:4:      layout_rooms, nicolae_wu_jian_immortal_techniques, uniq_ijyb
D:5:      layout_loops_ring, gammafunk_temple_overflow_forgotten, tso_metal_star
D:6:      layout_gridville, temple_green, kennysheep_generic_room_13,
          uniq_jeremiah
D:7:      layout_gridville, mainiacjoe_overflow_alcove_2,
          mainiacjoe_overflow_concentric_impassable, serial_shops,
          nicolae_shop_just_a_little_nook, uniq_menkaure
D:8:      layout_loops_corners, grunt_temple_overflow_order_and_chaos_2,
          minmay_statues_item, uniq_pikel
D:9:      nicolae_cairo_tiling_very_big, layout_loops_ring,
          nicolae_overflow_hidden_temple
D:10:     layout_cave_pods, kennysheep_mini
D:11:     nicolae_moon_pools, layout_cave_pools, dpeg_lair_monsters
Temple:   nicolae_temple_little_seven

Notes
Turn   | Place    | Note
-------+----------+-------------------------------------------
     0 | D:1      | MackTheKnife the Octopode Wanderer began the quest for the
                  | Orb.
     0 | D:1      | MackTheKnife set off with the following items: a +3 dagger
                  | {short}, a scroll of blinking {!r}, a scroll of fog; and
                  | the following spell memorised: Shock; and the following
                  | spells available to memorise: Mephitic Cloud.
     0 | D:1      | Reached XP level 1. HP: 18/18 MP: 2/2
     0 | D:1      | magus.rc [v1.9.6]
   480 | D:1      | Reached skill level 2 in Air Magic
   480 | D:1      | Reached XP level 2. HP: 21/24 MP: 0/3
  1092 | D:2      | Reached skill level 3 in Air Magic
  1092 | D:2      | Reached XP level 3. HP: 29/29 MP: 1/4
  1659 | D:2      | Noticed a scorpion
  1665 | D:2      | Killed a scorpion
  1666 | D:2      | Reached skill level 4 in Air Magic
  1666 | D:2      | Reached XP level 4. HP: 35/35 MP: 1/5
  1993 | D:3      | Noticed a +0 hand axe
  1994 | D:3      | Noticed a +0 dagger
  2042 | D:3      | Found a hide-covered altar of Uskayaw.
  2063 | D:3      | Reached XP level 5. HP: 34/39 MP: 0/6
  2343 | D:3      | Reached skill level 5 in Air Magic
  2461 | D:3      | Found a blossoming altar of Fedhas.
  2516 | D:3      | You fall into a shaft and drop 1 floor!
  2601 | D:4      | HP: 7/39 [gnoll/+0 halberd (9)]
  2721 | D:3      | Found a bloodstained altar of Trog.
  2722 | D:3      | Noticed a wizard
  2727 | D:3      | Killed a wizard
  2778 | D:3      | Found an iron altar of Okawaru.
  3153 | D:3      | Learned a level 3 spell: Mephitic Cloud
  3202 | D:3      | Reached XP level 6. HP: 45/45 MP: 0/7
  3376 | D:3      | You add the spells Sting, Poisonous Vapours and Olgreb's
                  | Toxic Radiance to your library.
  3617 | D:4      | Reached skill level 1 in Conjurations
  3944 | D:4      | Reached skill level 6 in Air Magic
  4018 | D:4      | Reached skill level 2 in Conjurations
  4201 | D:4      | Found an ornate altar of the Wu Jian Council.
  4204 | D:4      | Noticed Ijyb
  4209 | D:4      | Killed Ijyb
  4523 | D:5      | Entered Level 5 of the Dungeon
  4585 | D:5      | Reached XP level 7. HP: 20/50 MP: 2/8
  4659 | D:5      | Found a glowing golden altar of the Shining One.
  4679 | D:5      | Reached skill level 3 in Conjurations
  4679 | D:5      | Reached skill level 1 in Poison Magic
  4810 | D:5      | Reached skill level 2 in Poison Magic
  4996 | D:5      | Reached skill level 7 in Air Magic
  4996 | D:5      | Reached skill level 3 in Poison Magic
  5222 | D:5      | Found a broken altar of Ashenzari.
  5222 | D:5      | Found a basalt altar of Yredelemnul.
  5222 | D:5      | Found a sparkling altar of Nemelex Xobeh.
  5484 | D:5      | Reached XP level 8. HP: 43/55 MP: 2/9
  5637 | D:6      | Found a staircase to the Ecumenical Temple.
  5644 | Temple   | Entered the Ecumenical Temple
  5652 | Temple   | Became a worshipper of Gozag Ym Sagoz the Greedy
  5701 | D:6      | Noticed a troll
  5704 | D:6      | Killed a troll
  5705 | D:6      | Reached skill level 2 in Spellcasting
  5705 | D:6      | Reached skill level 8 in Air Magic
  5963 | D:6      | Reached skill level 3 in Spellcasting
  5966 | D:6      | HP: 8/55 [something/magic dart (11)]
  6075 | D:6      | Reached skill level 4 in Spellcasting
  6447 | D:6      | HP: 9/55 [something (6)]
  6449 | D:6      | Reached skill level 5 in Spellcasting
  6516 | D:6      | Noticed Jeremiah
  7071 | D:6      | HP: 7/47 [Jeremiah/+2 trident of draining (10)]
  7117 | D:6      | Killed Jeremiah
  7118 | D:6      | Reached skill level 6 in Spellcasting
  7118 | D:6      | Reached skill level 2 in Dodging
  7118 | D:6      | Reached skill level 4 in Stealth
  7118 | D:6      | Reached XP level 9. HP: 40/61 MP: 12/18
  7289 | D:6      | Reached skill level 3 in Dodging
  7289 | D:6      | Reached skill level 5 in Stealth
  7379 | D:6      | magus.rc [v1.9.6]
  7385 | D:7      | Noticed Menkaure
  7390 | D:7      | Killed Menkaure
  7428 | D:7      | Found a snail-covered altar of Cheibriados.
  7517 | D:7      | Reached skill level 4 in Dodging
  7786 | D:6      | Reached skill level 6 in Fighting
  8200 | D:7      | Reached skill level 7 in Fighting
  8256 | D:7      | Found a hazy altar of Hepliaklqana.
  8291 | D:7      | Found Duxiub's Jewellery Emporium.
  8300 | D:7      | Bought a +5 ring of evasion for 576 gold pieces
  8529 | D:8      | Found a burning altar of Makhleb.
  8538 | D:8      | Found a glowing silver altar of Zin.
  8539 | D:8      | Noticed an angel
  8540 | D:8      | Noticed a cacodemon
  8804 | D:8      | Noticed Pikel
  8841 | D:8      | Killed Pikel
  8842 | D:8      | Reached skill level 8 in Fighting
  8842 | D:8      | Reached XP level 10. HP: 70/73 MP: 1/19
  9819 | D:9      | HP: 5/73 [acid dragon/splash of acid (22)]
  9940 | D:9      | Reached skill level 9 in Fighting
  9985 | D:9      | Reached skill level 4 in Poison Magic
 10181 | D:9      | Learned a level 4 spell: Olgreb's Toxic Radiance
 10388 | D:9      | Reached skill level 5 in Poison Magic
 10614 | D:9      | Noticed a two-headed ogre
 10626 | D:9      | Killed a two-headed ogre
 10627 | D:9      | Reached skill level 7 in Poison Magic
 10962 | D:10     | Entered Level 10 of the Dungeon
 11005 | D:10     | Found a shimmering blue altar of Sif Muna.
 11453 | D:10     | Noticed a kobold demonologist
 11456 | D:10     | a kobold demonologist changed into a black bear
 11467 | D:10     | Reached skill level 7 in Spellcasting
 11797 | D:10     | HP: 18/74 [vampire mosquito (9)]
 11798 | D:10     | HP: 7/74 [vampire mosquito (11)]
 12377 | D:10     | Reached skill level 8 in Spellcasting
 12377 | D:10     | Reached skill level 2 in Evocations
 12377 | D:10     | Reached XP level 11. HP: 64/80 MP: 12/23
 12447 | D:10     | Noticed a deep elf pyromancer
 12495 | D:10     | Noticed a boulder beetle
 12506 | D:10     | Killed a deep elf pyromancer
 12507 | D:10     | Reached skill level 4 in Evocations
 12552 | D:10     | HP: 10/80 [boulder beetle (42)]
 12555 | D:10     | Killed a boulder beetle
 12556 | D:10     | Reached skill level 5 in Evocations
 12819 | D:10     | Identified the +7 sling "Nuetask" {speed, Int+3}
 13081 | D:11     | Noticed a death yak
 13094 | D:11     | Noticed a death yak
 13095 | D:11     | Noticed a death yak
 13096 | D:11     | Noticed a death yak
 13101 | D:11     | Noticed a death yak
 13106 | D:11     | HP: 12/80 [poisoned by you (poison gas)]
 13107 | D:11     | HP: 3/80 [cloud of poison gas (9)]
 13107 | D:11     | Succumbed to their own poison gas

Vanquished Creatures
  A two-headed ogre (D:9)
  A boulder beetle (D:10)
  A deep elf pyromancer (D:10)
  Pikel (D:8)
  Jeremiah (D:6)
  A komodo dragon (D:10)
  A troll (D:6)
  2 water elementals (D:11)
  A yak (D:11)
  A vampire (D:9)
  2 steam dragons
  3 vampire mosquitoes (D:10)
  Menkaure (D:7)
  2 orc warriors
  A sky beast (D:6)
  3 black bears
  An ice beast (D:6)
  An ogre (D:5)
  3 centaurs
  4 lemures (D:8)
  3 phantoms
  3 kobold brigands
  A gnoll sergeant (D:6)
  3 bullfrogs
  3 scorpions
  10 wights (D:10)
  6 killer bees
  3 howler monkeys (D:9)
  5 orc priests
  4 jellies
  6 hounds
  Ijyb (D:4)
  2 iguanas
  10 orc wizards
  18 gnolls
  10 adders
  3 shadow imps
  An ufetubus (D:4)
  A worm (D:4)
  A dart slug (D:1)
  38 orcs
  10 ball pythons
  2 bats
  An endoplasm (D:3)
  5 goblins
  9 hobgoblins
  4 jackals (D:2)
  17 kobolds
  2 quokkas
  2 frilled lizards
  4 rats
220 creatures vanquished.

Vanquished Creatures (collateral kills)
  A gnoll sergeant (D:7)
1 creature vanquished.

Vanquished Creatures (others)
  A wizard (D:3)
  A hornet (D:9)
  A killer bee (D:7)
3 creatures vanquished.

Grand Total: 224 creatures vanquished

Table legend:
 A = Non-vault XP
 B = Vault XP
 C = Vault XP percentage of total XP
 D = Non-vault monster count
 E = Vault monster count
 F = Vault count percentage of total count
                 A         B        C        D         E       F
            +---------+---------+-------+---------+---------+-------
      Total |   10153 |    1525 |  13.1 |     209 |       9 |   4.1
            +---------+---------+-------+---------+---------+-------
        D:1 |      13 |       0 |   0.0 |       6 |       0 |   0.0
        D:2 |     147 |       0 |   0.0 |      18 |       0 |   0.0
        D:3 |     146 |      58 |  28.4 |      30 |       4 |  11.8
        D:4 |     140 |      38 |  21.3 |      13 |       1 |   7.1
        D:5 |     666 |       0 |   0.0 |      19 |       0 |   0.0
        D:6 |    1579 |     466 |  22.8 |      35 |       1 |   2.8
        D:7 |     801 |     157 |  16.4 |      19 |       1 |   5.0
        D:8 |     507 |     593 |  53.9 |      18 |       1 |   5.3
        D:9 |    2252 |       0 |   0.0 |      22 |       0 |   0.0
       D:10 |    3370 |       0 |   0.0 |      26 |       0 |   0.0
       D:11 |     532 |     213 |  28.6 |       3 |       1 |  25.0
            +---------+---------+-------+---------+---------+-------

Skill      XL: |  1  2  3  4  5  6  7  8  9 10 11 |
---------------+----------------------------------+-----
Air Magic      | 2 3 4 5 6 7 8 |  8.0
Conjurations   | 2 3 |  3.0
Poison Magic   | 3 7 |  7.0
Spellcasting   | 6 8 |  8.0
Dodging        | 2 4 |  4.4
Stealth        | 4 5 |  5.0
Fighting       | 8 9 |  9.0
Evocations     | 2 5 |  5.7
Throwing       | |  1.0

Action                     |  1- 3 |  4- 6 |  7- 9 | 10-12 || total
---------------------------+-------+-------+-------+-------++-------
  Melee: Dagger            |    17 |       |       |       ||    17
         Constrict         |    11 |    12 |    18 |    11 ||    52
         Tentacles         |     7 |     6 |    25 |    16 ||    54
         Punch             |     1 |       |     4 |     1 ||     6
         Hand axe          |    16 |    43 |    77 |    53 ||   189
         Unarmed           |       |       |    20 |       ||    20
   Fire: Sling             |       |       |       |    32 ||    32
   Cast: Shock             |    32 |   115 |   234 |   168 ||   549
         Mephitic Cloud    |       |       |    13 |    13 ||    26
         Olgreb's Toxic Ra |       |       |       |     5 ||     5
  Evoke: Wand              |       |       |    26 |    17 ||    43
    Use: Scroll            |       |     1 |     8 |     9 ||    18
         Potion            |       |       |     8 |     1 ||     9
   Stab: Sleeping          |       |     1 |       |       ||     1
         Confused          |       |       |     9 |     2 ||    11
         Paralysed         |       |       |       |     9 ||     9
 Armour: Skin              |    13 |    40 |   147 |    60 ||   260
  Dodge: Dodged            |    22 |    45 |    96 |   128 ||   291

Illustrated notes

Table legend:
 A = Kills in this place as a percentage of kills in the entire game.
 B = Kills by you in this place as a percentage of kills by you in the entire game.
 C = Kills by friends in this place as a percentage of kills by friends in the entire game.
 D = Other kills in this place as a percentage of other kills in the entire game.
 E = Experience gained in this place as a percentage of experience gained in the entire game.
 F = Experience gained in this place divided by the number of levels of this place that you have seen.
                   A       B       C       D       E      F
               +-------+-------+-------+-------+-------+----------------------
         Total | 100.0 | 100.0 | 100.0 | 100.0 | 100.0 | 973.2
       Dungeon | 100.0 | 100.0 | 100.0 | 100.0 | 100.0 | 1061.6
               +-------+-------+-------+-------+-------+----------------------

Table legend: (Time is in decaauts)
 A = Elapsed time spent in this place.
 B = Non-inter-level travel time spent in this place.
 C = Inter-level travel time spent in this place.
 D = Time resting spent in this place.
 E = Time spent auto-exploring this place.
 F = Levels seen in this place.
 G = Mean time per level.
                   A        B        C        D        E       F      G
               +--------+--------+--------+--------+--------+-----+--------+
         Total |  13182 |  12799 |    383 |   1450 |   9472 |  12 | 1098.5 |
       Dungeon |  13165 |  12790 |    375 |   1450 |   9472 |  11 | 1196.8 |
        Temple |     16 |      8 |      8 |      0 |      0 |   1 |   16.0 |
               +--------+--------+--------+--------+--------+-----+--------+

Top non-repeatable levels by time:
     D:6: 2021 daAuts
    D:10: 1958 daAuts
     D:3: 1617 daAuts
     D:8: 1429 daAuts
     D:9: 1130 daAuts
     D:5: 1087 daAuts
     D:2: 1062 daAuts
     D:4: 955 daAuts
     D:1: 897 daAuts
     D:7: 797 daAuts
    D:11: 209 daAuts
  Temple: 16 daAuts
